[Event "Late-Titled-Tuesday-Blitz-October-24-2023"]
[Site "Chess.com"]
[Date "2023.10.24"]
[Round "9"]
[White "igorkovalenko"]
[Black "Fandorine"]
[Result "1-0"]
[WhiteElo "2955"]
[BlackElo "2924"]
[TimeControl "180+1"]
[EndTime "15:43:43 PDT"]
[Termination "igorkovalenko won on time"]

1. c4 e5 2. Nc3 Bb4 3. Qb3 Bxc3 4. Qxc3 Qe7 5. d4 exd4 6. Qxd4 Nf6 7. Bg5 Nc6 8. Qc3 Ne5 9. Nf3 d6 10. Nd2 h6 11. Bh4 b6 12. f3 g5 13. Bf2 Bb7 14. e4 O-O-O 15. O-O-O Nh5 16. h3 Kb8 17. Qc2 Ng7 18. Nb1 Qe6 19. Nc3 f5 20. exf5 Nxf5 21. Nd5 Rhf8 22. Kb1 Qf7 23. a3 Ne7 24. Ne3 h5 25.
Bg3 Nxf3 26. Be2 h4 27. Bxd6 Rxd6 28. Rxd6 cxd6 29. gxf3 Qe6 30. Qd2 Ng6 31. Re1 Nf4 32. Bf1 Qg6+ 33. Ka2 Bxf3 34. a4 Re8 35. a5 Re5 36.
axb6 axb6 37. Qb4 Ra5+ 38. Kb3 d5 39. Nxd5 Nxd5 40. Qf8+ Kc7 41. Qxf3 Nf4 42. Re7+ Kd6 43. Qb7 1-0

[Event "Late-Titled-Tuesday-Blitz-October-24-2023"]
[Site "Chess.com"]
[Date "2023.10.24"]
[Round "9"]
[White "AndresDelgado77"]
[Black "iJueles"]
[Result "0-1"]
[WhiteElo "2351"]
[BlackElo "2473"]
[TimeControl "180+1"]
[EndTime "15:43:44 PDT"]
[Termination "iJueles won on time"]

1. e4 c6 2. d4 d5 3. Nc3 dxe4 4.
Nxe4 Nf6 5. Nxf6+ exf6 6. c3 Bd6 7. Bd3 O-O 8. Qc2 Re8+ 9. Ne2 h5 10. Be3 Nd7 11. O-O-O b5 12. Ng3 Nb6 13. Nxh5 Bg4 14. Be2 Qd7 15. Ng3 Nd5 16. Rhe1 Bxe2 17. Rxe2 Qc7 18. Nf5 Bf4 19. Rde1 Bxe3+ 20. fxe3 b4 21. c4 b3 22. Qxb3 Rab8 23. Qd1 Nb4 24. Kb1 Qa5 25.
a3 Qxf5+ 26. Ka1 Na6 27. e4 Qa5 28. Qd3 c5 29. d5 Rbd8 30. e5 fxe5 31. Rxe5 Qxe1+ 32. Rxe1 Rxe1+ 33. Ka2 Rd6 34. Qg3 Nb4+ 35. Kb3 Rb6 36.
axb4 Rxb4+ 37. Kc3 Rc1+ 38. Kd2 Rb1 39. Qc7 R4xb2+ 40. Kc3 Rb3+ 0-1

[Event "Late-Titled-Tuesday-Blitz-October-24-2023"]
[Site "Chess.com"]
[Date "2023.10.24"]
[Round "9"]
[White "IMSlavin"]
[Black "giomar27"]
[Result "0-1"]
[WhiteElo "2231"]
[BlackElo "2376"]
[TimeControl "180+1"]
[EndTime "15:43:46 PDT"]
[Termination "giomar27 won by resignation"]

1. e4 e5 2. Nf3 Nc6 3. c3 d5 4. Qa4 Bd7 5. exd5 Nd4 6. Qd1 Nxf3+ 7. Qxf3 Nf6 8. c4 Bd6 9. h3 e4 10. Qb3 O-O 11. Qxb7 Rb8 12. Qxa7 c6 13. Nc3 cxd5 14. cxd5 Qe7 15. Be2 Bc5 16. Qc7 Bd6 17. Qa7 Rfc8 18. Qe3 Bc5 19. Qg3 Bd6 20. Qh4 Qe5 21. Bg4 Rb4 22. Bxd7 Nxd7 23. Qg4 f5 24. Qe2 Nc5 25. Kf1 Nd3 26. a3 Rb3 27. a4 Bc5 28. Nd1 Ba7 29.
Ne3 f4 30. Ng4 Qxd5 31. Qd1 h5 32. Nh2 Kh8 33. Kg1 Qc5 34. Qf1 Qxc1 35. Rxc1 Rxc1 36. Qxc1 Nxc1 37. g4 Nd3 38. Kg2 Rxb2 39. Ra1 Rxd2 40. gxh5 Rxf2+ 41. Kh1 e3 42. Ng4 Rb2 43. Rd1 Nf2+ 44.
Nxf2 Rxf2 45. Rd7 e2 46. Re7 Rf1+ 47. Kg2 e1=Q 48. Rxe1 Rxe1 49. Kf3 Ra1 50. Kxf4 Rxa4+ 51. Kg5 Ra5+ 52. Kg6 Ra6+ 53. Kg5 Kh7 54. h4 Ra5+ 55. Kg4 Kh6 0-1

[Event "Late-Titled-Tuesday-Blitz-October-24-2023"]
[Site "Chess.com"]
[Date "2023.10.24"]
[Round "9"]
[White "Freeeeeeeeeeeeeeeeee"]
[Black "ejalmedina"]
[Result "1-0"]
[WhiteElo "2063"]
[BlackElo "2307"]
[TimeControl "180+1"]
[EndTime "15:43:46 PDT"]
[Termination "Freeeeeeeeeeeeeeeeee won on time"]

1. Nc3 Nf6 2. Nf3 d5 3. e3 g6 4. Be2 Bg7 5. O-O O-O 6. b3 c5 7. Bb2 Nc6 8. Na4 b6 9. c4 d4 10.
exd4 cxd4 11. d3 e5 12. Nd2 Bf5 13. Bf3 Rc8 14. Ba3 Re8 15. Nb2 a6 16. Re1 b5 17.
cxb5 axb5 18. Bxc6 Rxc6 19. Bb4 e4 20. dxe4 Nxe4 21.
Nxe4 Bxe4 22. Nd3 Rce6 23. Nc5 Re5 24. Nxe4 Rxe4 25. Rxe4 Rxe4 26. Qd3 Qd5 27. Re1 Rxe1+ 28. Bxe1 h5 29. f3 Bf6 30. Bb4 Kg7 31. g3 Qe5 32. Kg2 h4 33. Bd2 Qe6 34. Bf4 h3+ 35.
Kf2 Qc6 36. g4 Qa6 37. a4 Bh4+ 38. Bg3 Bxg3+ 39. Kxg3 Qd6+ 40. Kxh3 bxa4 41. bxa4 Qb4 42. a5 Qxa5 43. Qxd4+ Kh7 44. Qf6 Qa2 45. Kg3 Qb3 46. h4 Qc4 47. Qf4 Qd5 48. Qg5 1-0

[Event "Late-Titled-Tuesday-Blitz-October-24-2023"]
[Site "Chess.com"]
[Date "2023.10.24"]
[Round "9"]
[White "RCone"]
[Black "GMJustin"]
[Result "0-1"]
[WhiteElo "2394"]
[BlackElo "2274"]
[TimeControl "180+1"]
[EndTime "15:43:49 PDT"]
[Termination "GMJustin won by checkmate"]

1. e4 c5 2. Nc3 Nc6 3. Bb5 Nd4 4.
Nf3 e6 5. O-O Nxb5 6. Nxb5 a6 7.
Nc3 b5 8. d4 cxd4 9. Qxd4 Bb7 10.
Bf4 d6 11. Rfd1 e5 12. Nxe5 dxe5 13. Qxe5+ Qe7 14. Qf5 g6 15. Qg4 Nf6 16. Qf3 Bg7 17.
Bd6 Qe6 18. Qe3 Nd7 19. f4 f5 20. e5 Kf7 21. a3 Rhe8 22. Qf2 Kg8 23. Ne2 Qc4 24. c3 Rad8 25. Nd4 Be4 26. Rd2 Nc5 27. Re1 Nd3 28. Qe3 Nxe1 29. Qxe1 Qc8 30. Qe3 Bf8 31.
h3 Bxd6 32. exd6 Rxd6 33. g4 Qc5 34. gxf5 gxf5 35. Kh2 Rg6 36. Qf2 Qf8 37. Qh4 Re7 38. Rf2 Reg7 39. Qh5 Rg2+ 40. Rxg2 Rxg2+ 41. Kh1 Rg5+ 42. Kh2 Rxh5 43. h4 Qd6 44. Kg3 Rxh4 45. Kxh4 Qxf4+ 46. Kh3 Qg4+ 47. Kh2 Qg2# 0-1

[Event "Late-Titled-Tuesday-Blitz-October-24-2023"]
[Site "Chess.com"]
[Date "2023.10.24"]
[Round "9"]
[White "Beca95"]
[Black "filipluczak05"]
[Result "1-0"]
[WhiteElo "2920"]
[BlackElo "2644"]
[TimeControl "180+1"]
[EndTime "15:43:50 PDT"]
[Termination "Beca95 won by resignation"]

1. d4 g6 2. e4 Bg7 3. Nc3 c5 4. dxc5 Bxc3+ 5. bxc3 Nf6 6. Bd3 Qa5 7. Nf3 Qxc3+ 8.
Bd2 Qxc5 9. O-O Nc6 10. Rb1 a6 11.
h3 d6 12. Re1 O-O 13. Be3 Qa5 14. Bb6 Qa4 15. Qd2 Be6 16. Qh6 Ne5 17. Ng5 Rfc8 18. f4 Nxd3 19. cxd3 Rc2 20. e5 Qxa2 21. exf6 Rxg2+ 22. Kf1 exf6 23. Qxh7+ Kf8 24. Rxe6 Qxb1+ 25. Kxg2 Qb2+ 26. Bf2 fxg5 27. Rxd6 gxf4 28. Rd7 Qf6 29. Bc5+ Ke8 30. Re7+ Qxe7 31. Bxe7 Kxe7 32. Qh4+ f6 33.
Qxf4 Rd8 34. Qb4+ Ke6 35. Qb3+ Ke5 36. Kf3 b5 37. Ke3 Rd4 38. Qf7 Rh4 39. Qe7+ Kf5 40. Qd7+ Kg5 41. d4 f5 42. d5 Rxh3+ 43. Kd4 Kf4 44.
Qc7+ Kf3 45. d6 Rh1 46. d7 Rd1+ 47. Ke5 f4 48. d8=Q Rxd8 49. Qxd8 g5 50. Qd3+ Kg4 51.
Ke4 1-0

[Event "Late-Titled-Tuesday-Blitz-October-24-2023"]
[Site "Chess.com"]
[Date "2023.10.24"]
[Round "9"]
[White "wild3000"]
[Black "Sjakkerntobi"]
[Result "1-0"]
[WhiteElo "2409"]
[BlackElo "2498"]
[TimeControl "180+1"]
[EndTime "15:43:53 PDT"]
[Termination "wild3000 won by checkmate"]

1. e4 e5 2. Nf3 Nc6 3. Bb5 a6 4.
Ba4 Nf6 5. O-O d6 6. Re1 Bd7 7. c3 g6 8. d4 Bg7 9. dxe5 dxe5 10. Bxc6 Bxc6 11. Qxd8+ Rxd8 12. Nxe5 O-O 13. Nxc6 bxc6 14. f3 Rd7 15. Nd2 Rfd8 16. Nb3 Nh5 17. Nc5 Rd1 18.
Bg5 Rxe1+ 19. Rxe1 Rb8 20. Re2 Rb5 21. Be3 a5 22. c4 Rb4 23. b3 Be5 24. Nd3 Bc3 25.
Nxb4 axb4 26. g3 Ng7 27. Bd2 Bd4+ 28. Be3 c5 29. Bxd4 cxd4 30. c5 Ne6 31. Rc2 Kf8 32.
Kf2 Ke7 33. Ke2 Kd7 34. Kd3 Kc6 35. Kc4 Ng5 36. Rf2 Ne6 37. Kxb4 f5 38. exf5 gxf5 39. Re2 Ng5 40. Kc4 Nxf3 41. Rf2 Ne5+ 42. Kxd4 Ng4 43. Rxf5 Nxh2 44. a4 Ng4 45. b4 Kb7 46. b5 Nh6 47. Rh5 Ng4 48. Rxh7 Nf6 49. Rf7 Ng4 50. a5 Kb8 51. a6 Nh6 52. Rf8+ Ka7 53. Rc8 Nf5+ 54. Ke5 Ne3 55. Rxc7+ Kb8 56. b6 Nc4+ 57. Kd5 Na5 58. g4 Ka8 59. g5 Kb8 60. g6 Nb7 61. Rxb7+ Ka8 62. Rc7 Kb8 63. g7 Ka8 64. g8=Q# 1-0

[Event "Late-Titled-Tuesday-Blitz-October-24-2023"]
[Site "Chess.com"]
[Date "2023.10.24"]
[Round "9"]
[White "Cayse"]
[Black "FabianoCaruana"]
[Result "1/2-1/2"]
[WhiteElo "2894"]
[BlackElo "3078"]
[TimeControl "180+1"]
[EndTime "15:43:54 PDT"]
[Termination "Game drawn - insufficient material"]

1. e4 c5 2. Nf3 d6 3. Bb5+ Bd7 4. Bxd7+ Qxd7 5. c4 Nc6 6. Nc3 Nf6 7. d4 cxd4 8.
Nxd4 g6 9. f3 Bg7 10. Be3 O-O 11. O-O a6 12. Qd3 Rfc8 13. b3 b5 14. cxb5 Ne5 15.
Qd2 d5 16. Nc6 Nxc6 17. bxc6 Rxc6 18. Nxd5 Nxd5 19. exd5 Rd6 20. Rad1 Rd8 21. Bc5 Rxd5 22. Qxd5 Qxd5 23. Rxd5 Rxd5 24. Bxe7 Rd2 25. a3 Bd4+ 26. Kh1 Rb2 27. b4 Ra2 28. Rd1 Bb2 29. g4 f5 30.
gxf5 gxf5 31. Rd5 Kf7 32. Bc5 Rxa3 33. Rxf5+ Ke6 34. Rh5 Rxf3 35. Rxh7 Kd5 36. h4 Rg3 37. Rh5+ Kc4 38. Kh2 Rg6 39. Kh3 Bc3 40. Rf5 Re6 41. h5 Bxb4 42. Bxb4 Kxb4 43. Kg4 a5 44. Kg5 a4 45. h6 a3 46. h7 Re8 47. Kg6 a2 48. Rf1 Ra8 49. Kg7 Kb3 50. h8=Q Rxh8 51. Kxh8 Kb2 52. Kh7 a1=Q 53. Rxa1 Kxa1 1/2-1/2

[Event "Late-Titled-Tuesday-Blitz-October-24-2023"]
[Site "Chess.com"]
[Date "2023.10.24"]
[Round "9"]
[White "Maluco_do_Natal_00"]
[Black "expii"]
[Result "0-1"]
[WhiteElo "2035"]
[BlackElo "2212"]
[TimeControl "180+1"]
[EndTime "15:43:54 PDT"]
[Termination "expii won on time"]

1. e4 c5 2. Nf3 d6 3. d4 cxd4 4.
Nxd4 Nf6 5. Nc3 g6 6. Be3 Bg7 7. Bc4 O-O 8. Bb3 Ng4 9. O-O Nxe3 10. fxe3 Nc6 11. Kh1 e6 12. Ndb5 Be5 13. a3 a6 14.
Nd4 Bd7 15. Qd2 Qb6 16. Nf3 Bg7 17. Qxd6 Rad8 18. Qf4 Bc8 19. Rfd1 Qc5 20. Na4 Qe7 21. e5 h6 22. Nc3 g5 23. Qe4 Qc7 24. Rxd8 Rxd8 25. h3 Nxe5 26. Nxe5 Qxe5 27. Qxe5 Bxe5 28. Rd1 Rxd1+ 29. Nxd1 Bd7 30. c3 Bc6 31. Bc2 f5 32.
Kg1 Kf7 33. Kf2 Ke7 34. g3 Kf6 35. g4 Bd5 36. gxf5 exf5 37. Ke2 g4 38. hxg4 fxg4 39. Nf2 h5 40. e4 Bc4+ 41. Ke3 g3 42. Nh3 Be6 43. Ng1 h4 44. Bd1 h3 45. Bf3 h2 46.
Ne2 Bg4 47. Nxg3 Bxg3 0-1

[Event "Late-Titled-Tuesday-Blitz-October-24-2023"]
[Site "Chess.com"]
[Date "2023.10.24"]
[Round "9"]
[White "ellatambien"]
[Black "mind1mover"]
[Result "1-0"]
[WhiteElo "2670"]
[BlackElo "2796"]
[TimeControl "180+1"]
[EndTime "15:43:57 PDT"]
[Termination "ellatambien won on time"]

1. c4 Nc6 2. Nf3 Nf6 3. Nc3 d6 4. g3 g6 5. Bg2 Bg7 6. b3 O-O 7. Bb2 e5 8. d3 Re8 9. O-O Bd7 10. h3 a5 11. Kh2 e4 12. Nxe4 Nxe4 13. Bxg7 Kxg7 14. dxe4 Rxe4 15. e3 Re8 16. Nd4 Qf6 17. Nb5 Rec8 18. Qd2 Ne5 19. Nc3 Bc6 20. Nd5 Bxd5 21.
cxd5 Nd7 22. Rfc1 Nc5 23. Rab1 b6 24. Rc4 Qf5 25. Rd1 Re8 26. a3 Ra7 27. b4 axb4 28.
axb4 Ne4 29. Qd4+ Nf6 30. g4 Qe5+ 31. Qxe5 Rxe5 32. Rdd4 Re7 33. e4 g5 34. f3 Nd7 35.
Rc2 Ne5 36. Kg3 Ra3 37. Kf2 Ng6 38. Bf1 Kf8 39. Rd3 Ra7 40. Rdc3 h6 41. Bb5 Nf4 42. Kg3 f6 43. Bc4 Ng6 44. Ra2 Rxa2 45. Bxa2 Nf4 46. Ra3 Re8 47. Ra7 Rc8 48. Bc4 Ke7 49. Ba6 Rd8 50. Rxc7+ Rd7 51. Rc6 Ra7 52. b5 Kd7 53.
Rxb6 Rc7 54. Rc6 Ra7 55. h4 Ke7 56. h5 Kd7 57. Kf2 Ke7 58. Ke3 Kd7 59. Kd4 Ne2+ 60.
Kc4 Ng1 61. Kb4 Nxf3 62. Ka5 Nd4 63. Kb6 Ra8 64. Rc7+ Kd8 65. Rh7 Rb8+ 66. Bb7 Nxb5 67.
Rh8+ 1-0

[Event "Late-Titled-Tuesday-Blitz-October-24-2023"]
[Site "Chess.com"]
[Date "2023.10.24"]
[Round "9"]
[White "Nick12772"]
[Black "ural58"]
[Result "0-1"]
[WhiteElo "2373"]
[BlackElo "2510"]
[TimeControl "180+1"]
[EndTime "15:43:57 PDT"]
[Termination "ural58 won by resignation"]

1. Nf3 d5 2. g3 Nc6 3. d4 Bf5 4. Bg2 Nb4 5. Na3 e6 6. c3 Nc6 7.
Nc2 h6 8. O-O Nf6 9. Bf4 Bd6 10.
Bxd6 cxd6 11. a3 O-O 12. Nb4 a5 13. Nxc6 bxc6 14. b4 Qb6 15. Nd2 c5 16. dxc5 dxc5 17. e4 dxe4 18. Nc4 Qc7 19. Nxa5 Nd5 20. Qe1 Qe5 21.
Nb3 cxb4 22. cxb4 e3 23. fxe3 Nxe3 24. Bxa8 Rxa8 25. Rf3 Nc4 26. Qxe5 Nxe5 27. Rff1 Bd3 28.
Rfd1 g5 29. Nc5 Be2 30. Rdb1 Rd8 31. Rb2 Bf3 32. a4 Nc4 33. Rf2 g4 34. a5 Rb8 35.
Nd3 e5 36. a6 e4 37. a7 Ra8 38. Nc5 e3 39. Rc2 Nb6 40. Rc3 Nd5 41. Rd3 e2 42. Kf2 Nxb4 43. Rb3 Nc2 44. Rc1 e1=Q+ 45. Rxe1 Nxe1 46. Ra3 Nc2 47. Ra5 Nb4 48. Ke3 Nc6 49.
Ra1 Rxa7 50. Rxa7 Nxa7 51. Nd3 Nc6 52. Kf4 Be2 53. Nf2 Kg7 54. Nxg4 Bxg4 55. Kxg4 Kg6 56.
Kf4 h5 57. h3 Ne7 58. g4 hxg4 59. hxg4 Nc6 60. Ke4 Kg5 61. Kd5 Kxg4 0-1

[Event "Late-Titled-Tuesday-Blitz-October-24-2023"]
[Site "Chess.com"]
[Date "2023.10.24"]
[Round "9"]
[White "karinachess1"]
[Black "GiorgianBarbosa"]
[Result "1-0"]
[WhiteElo "2621"]
[BlackElo "2433"]
[TimeControl "180+1"]
[EndTime "15:43:58 PDT"]
[Termination "karinachess1 won on time"]

1. d4 Nf6 2. c4 e6 3. Nc3 d5 4. cxd5 exd5 5. Bg5 c6 6. e3 Be7 7. Bd3 Nbd7 8. h3 O-O 9. Qc2 Re8 10. Nf3 Nf8 11. Bf4 a5 12. O-O Ng6 13. Be5 Bd6 14. Bxd6 Qxd6 15. a3 Nd7 16. Rab1 Qf6 17.
Na4 b5 18. Nc5 Nxc5 19. Qxc5 Bxh3 20. Rfc1 Re6 21. b4 axb4 22. axb4 Rae8 23. Qc2 Bg4 24. Nh2 Qg5 25. Nxg4 Qxg4 26. Bf5 Qg5 27. Bxe6 Rxe6 28. g3 h5 29. Qe2 h4 30. g4 f5 31. f4 Qe7 32. gxf5 Rxe3 33. Qf2 Rg3+ 34. Kh2 Nf8 35. Rg1 Qf6 36. Rxg3 hxg3+ 37. Qxg3 Qxf5 38. Rg1 g6 39. Qg5 Qe4 40. f5 Qe2+ 41. Rg2 Qd3 42. Qf6 Qe4 43. fxg6 Qe6 44. Qg5 Qd6+ 45. Qe5 Qxe5+ 46. dxe5 Kg7 47. Rc2 Nxg6 48. e6 Ne5 49. Re2 1-0

[Event "Late-Titled-Tuesday-Blitz-October-24-2023"]
[Site "Chess.com"]
[Date "2023.10.24"]
[Round "9"]
[White "JackRodgers"]
[Black "Kirill_Klukin"]
[Result "1-0"]
[WhiteElo "2543"]
[BlackElo "2627"]
[TimeControl "180+1"]
[EndTime "15:44:00 PDT"]
[Termination "JackRodgers won on time"]

1. d4 Nf6 2. Bg5 e6 3. e4 d6 4.
c3 Nbd7 5. Nd2 h6 6. Bxf6 Qxf6 7.
Bd3 g6 8. Ne2 Bg7 9. f4 O-O 10.
O-O b6 11. e5 Qe7 12. Ng3 Bb7 13. Qe2 c5 14. Be4 d5 15. Bd3 cxd4 16. cxd4 Qb4 17. Nf3 Rac8 18. h4 Rfd8 19. h5 Nf8 20. hxg6 fxg6 21.
Rad1 Bc6 22. Kh2 Ba4 23. b3 Be8 24. Nh1 Rc3 25. Nf2 Rdc8 26. g4 a6 27. f5 exf5 28.
gxf5 gxf5 29. Bxf5 Bb5 30. Bd3 Rc2 31. Qe3 Bxd3 32. Rxd3 Ne6 33. Rg1 Qe7 34. Kh1 Qf7 35. Ng4 Qh5+ 36. Nfh2 Kh8 37. Qh3 Qxh3 38. Rxh3 Ng5 39.
Rh5 Ne4 40. Nxh6 Nf2+ 41. Kg2 Ng4+ 42. Kh3 Nxh6 43. Ng4 R8c3+ 44. Kh4 Kh7 45. Kg5 Rc6 46. Nf6+ 1-0

[Event "Late-Titled-Tuesday-Blitz-October-24-2023"]
[Site "Chess.com"]
[Date "2023.10.24"]
[Round "9"]
[White "meoluoi91"]
[Black "hblanco"]
[Result "1-0"]
[WhiteElo "2607"]
[BlackElo "2716"]
[TimeControl "180+1"]
[EndTime "15:44:01 PDT"]
[Termination "meoluoi91 won on time"]

1. Nf3 d5 2. g3 Nf6 3. Bg2 g6 4. O-O Bg7 5. d4 O-O 6. c4 c6 7. Nc3 dxc4 8. Ne5 Ng4 9. Nf3 e5 10. Bg5 Qb6 11. d5 Qxb2 12. Na4 Qa3 13. d6 b5 14. Be7 bxa4 15. Bxf8 Kxf8 16. h3 Nh6 17. Ng5 Nf5 18. Ne4 Be6 19. e3 Nd7 20.
Qc2 Nxd6 21. Ng5 Qc5 22. Nxh7+ Kg8 23. Ng5 Nf8 24. Rfd1 e4 25. Nxe6 fxe6 26. Rab1 c3 27. g4 g5 28. Rbc1 Qe5 29. Qxa4 Rc8 30. Qxa7 Ng6 31. Qd7 Rf8 32. Qxd6 Qxd6 33. Rxd6 Ra8 34. Bxe4 Ne5 35. Rc2 Ra4 36. f3 Kf7 37. Kg2 Ke7 38.
Rd1 Nc4 39. Rd3 Ne5 40. Rdxc3 Ra5 41. Rb3 Nd7 42. Bxc6 Ne5 43. Be4 Nf7 44. Rb7+ Kf6 45. Rcc7 Nd6 46. Rxg7 Nxb7 47. Rxb7 Rxa2+ 48. Kg3 Ra1 49. h4 Rg1+ 50. Kf2 Rh1 51. h5 Rh2+ 52. Kg3 Ke5 53.
Kxh2 1-0

[Event "Late-Titled-Tuesday-Blitz-October-24-2023"]
[Site "Chess.com"]
[Date "2023.10.24"]
[Round "9"]
[White "rikchessmx"]
[Black "C_K_G"]
[Result "1/2-1/2"]
[WhiteElo "2262"]
[BlackElo "1937"]
[TimeControl "180+1"]
[EndTime "15:44:06 PDT"]
[Termination "Game drawn - insufficient material"]

1. e4 c5 2. Nf3 d6 3. d4 cxd4 4.
Nxd4 Nf6 5. Nc3 a6 6. f4 e6 7. Qf3 Be7 8. g4 Qc7 9. g5 Nfd7 10. Bg2 b5 11. a3 Bb7 12. Qh3 Nc5 13. O-O Nc6 14. Be3 O-O-O 15. Ndxb5 axb5 16. Nxb5 Qb8 17. b4 Na4 18. c4 Ba6 19. Rfc1 Kd7 20. e5 Rc8 21.
exd6 Bd8 22. Nd4 Nxd4 23. Bxd4 Rxc4 24. Bxg7 Rg8 25. Qxh7 Bb6+ 26. Kh1 Rxc1+ 27. Rxc1 Rc8 28. Rd1 Bb7 29. Be5 Bxg2+ 30. Kxg2 Qa8+ 31. Kg3 Rf8 32. g6 Qe4 33. g7 Qxh7 34. gxf8=Q Bd8 35. Qh8 Qg6+ 36. Kf3 Qc2 37. Rf1 Qd3+ 38. Kg2 Qe4+ 39. Rf3 Qe2+ 40.
Kg3 Qe1+ 41. Rf2 Bb6 42. Bd4 Qg1+ 43. Kf3 Qd1+ 44. Kg2 Qxd4 45. Qxd4 Bxd4 46. f5 Kxd6 47. fxe6 fxe6 48. h4 Bxf2 49. Kxf2 Ke5 50. Ke3 Nb6 51. h5 Nc4+ 52. Kd3 Nxa3 53. h6 Kf6 54. Ke4 Nb5 55. h7 Kg7 56. Ke5 Nc7 57. Kd6 Nb5+ 58. Kxe6 Kxh7 59.
Kd5 Kg6 60. Kc6 Na3 61. Kc5 Kf6 62. b5 Nxb5 1/2-1/2

[Event "Late-Titled-Tuesday-Blitz-October-24-2023"]
[Site "Chess.com"]
[Date "2023.10.24"]
[Round "9"]
[White "Elsa167"]
[Black "Ykow"]
[Result "1/2-1/2"]
[WhiteElo "2887"]
[BlackElo "2571"]
[TimeControl "180+1"]
[EndTime "15:44:07 PDT"]
[Termination "Game drawn - insufficient material"]

1. d4 d5 2. c4 e5 3. e3 exd4 4. exd4 Nf6 5. Nc3 Be7 6. Nf3 O-O 7. Bd3 Nbd7 8. O-O dxc4 9. Bxc4 Nb6 10. Bb3 Bg4 11. h3 Bxf3 12. Qxf3 c6 13. Re1 Nbd5 14. Bg5 Nxc3 15. bxc3 h6 16. Bh4 Nd5 17. Bxe7 Nxe7 18. Re5 Ng6 19. Re4 Qd7 20. Rae1 a5 21. a4 Kh8 22. h4 f5 23. Re6 Rfe8 24. Qxf5 Nf8 25. Rxe8 Rxe8 26. Qb1 Ng6 27. g3 Rxe1+ 28. Qxe1 Ne7 29. Qe4 b5 30. Bc2 g6 31. h5 Qd6 32.
hxg6 bxa4 33. Bxa4 Kg7 34. Bc2 c5 35. dxc5 Qxc5 36.
Kg2 Qc6 37. Qxc6 Nxc6 38. f4 Na7 39. Ba4 Kxg6 40. Kf3 Nc8 41. Bc2+ Kf6 42. Ke4 Nd6+ 43.
Kd5 Nb5 44. c4 Nc3+ 45. Kd6 a4 46. c5 a3 47. Bb3 a2 48. Bxa2 Nxa2 49. c6 Nc3 50. c7 Nb5+ 51. Kc6 Nxc7 52. Kxc7 Kf5 53. Kd6 h5 54. Kd5 h4 55. gxh4 Kxf4 56. h5 Kg5 57. h6 Kxh6 1/2-1/2

[Event "Late-Titled-Tuesday-Blitz-October-24-2023"]
[Site "Chess.com"]
[Date "2023.10.24"]
[Round "9"]
[White "cassoulet"]
[Black "Alexei_Gubajdullin"]
[Result "1-0"]
[WhiteElo "2789"]
[BlackElo "2718"]
[TimeControl "180+1"]
[EndTime "15:44:07 PDT"]
[Termination "cassoulet won by resignation"]

1. d4 Nf6 2. Bg5 e6 3. Nd2 h6 4. Bh4 d6 5. e4 Nc6 6. Ngf3 g5 7.
Bg3 Nh5 8. Bb5 Bd7 9. c3 Bg7 10.
Qe2 Qe7 11. O-O-O O-O-O 12. Rhe1 Nf4 13. Bxf4 gxf4 14. d5 Ne5 15. Bxd7+ Nxd7 16. Qb5 a6 17. Qb4 Nc5 18. Nb3 Nxb3+ 19. axb3 Rhg8 20. dxe6 Qxe6 21. Qc4 Bf6 22. Rg1 Qxc4 23. bxc4 Rg4 24. h3 Rg6 25. Ne1 Bh4 26. Rf1 Rdg8 27. Rd5 Bf6 28.
Rf5 Be5 29. Rxf7 a5 30. Kd2 b6 31. Ke2 Kb7 32. Kf3 Kc6 33. Rg1 R8g7 34. Rf5 Kc5 35. Nd3+ Kxc4 36. Nxe5+ dxe5 37. Rxe5 Kb3 38. Rb5+ Kc2 39.
e5 h5 40. Kxf4 Rxg2 41. Rxg2 Rxg2 42. Ke3 Rh2 43. e6 Rxh3+ 44. Ke2 Rh4 45. Re5 Rg4 46. e7 Rg8 47. e8=Q Rxe8 48. Rxe8 Kxb2 49. Kd3 a4 50. Re2+ Kb1 51. c4 a3 52. Kc3 h4 53. Re1+ Ka2 54. f4 c6 55. f5 b5 56. cxb5 cxb5 57. f6 h3 58. f7 b4+ 59. Kxb4 Kb2 60. Re2+ Kb1 61.
Kxa3 h2 62. Rxh2 1-0

[Event "Late-Titled-Tuesday-Blitz-October-24-2023"]
[Site "Chess.com"]
[Date "2023.10.24"]
[Round "9"]
[White "eljanov"]
[Black "Mykola-Bortnyk"]
[Result "1-0"]
[WhiteElo "2830"]
[BlackElo "2936"]
[TimeControl "180+1"]
[EndTime "15:44:08 PDT"]
[Termination "eljanov won by resignation"]

1. d4 f5 2. Bg5 Nf6 3. Bxf6 exf6 4. c4 d5 5. cxd5 Qxd5 6. Nc3 Qf7 7. e3 Bb4 8. Qa4+ Nc6 9. a3 Bxc3+ 10. bxc3 Be6 11. Rb1 O-O 12. Nf3 Bd5 13. Nd2 Rfe8 14. c4 Be4 15.
Nxe4 Rxe4 16. Bd3 Rg4 17. g3 Nxd4 18. exd4 Re8+ 19. Kf1 Rxd4 20. Be2 c6 21. Qb3 Qe7 22.
Bf3 Rd2 23. Kg2 Qc5 24. Rhf1 b6 25. Qb4 Qxb4 26. axb4 Re6 27. Rfe1 Rxe1 28. Rxe1 c5 29. Bd5+ Kf8 30. b5 Ra2 31. Re6 Ra3 32. h4 g6 33. Rxf6+ Kg7 34. Rf7+ Kh6 35. Re7 g5 36. Bg8 Kg6 37. Bxh7+ Kf6 38. Rc7 gxh4 39. gxh4 a6 40. Rc6+ Kg7 41. Bxf5 axb5 42. cxb5 c4 43. Rxb6 Rb3 44.
Rg6+ Kf7 45. b6 Rb5 46. Be4 c3 47. b7 c2 48. Bxc2 Rxb7 49. Be4 Rb4 50. f3 Rb2+ 51. Kg3 Ra2 52. h5 Ra1 53. Kf4 Rh1 54. Rg5 Kf6 55.
Rf5+ Kg7 56. Ra5 Kh6 57. Ra7 Rh4+ 58. Kg3 Rg4+ 59. fxg4 1-0

[Event "Late-Titled-Tuesday-Blitz-October-24-2023"]
[Site "Chess.com"]
[Date "2023.10.24"]
[Round "9"]
[White "shimastream"]
[Black "baag"]
[Result "1-0"]
[WhiteElo "2975"]
[BlackElo "2855"]
[TimeControl "180+1"]
[EndTime "15:44:10 PDT"]
[Termination "shimastream won by resignation"]

1. Nf3 Nf6 2. c4 e6 3. g3 d5 4.
Bg2 Be7 5. d4 O-O 6. Qc2 c5 7.
dxc5 Qa5+ 8. Nc3 dxc4 9. O-O Nc6 10. Bg5 Qxc5 11. Bxf6 gxf6 12. Ne4 Qb5 13. Rfd1 f5 14.
Nd6 Qc5 15. Nxc4 b5 16. Ne3 Qxc2 17. Nxc2 Rb8 18. Ncd4 Nxd4 19. Nxd4 Bf6 20. Rac1 Bb7 21. b3 Bxg2 22. Kxg2 Bxd4 23. Rxd4 Rfd8 24. Rcd1 Rxd4 25. Rxd4 Rc8 26. Rd2 Kg7 27. Kf3 a5 28. e3 Kf6 29.
h3 h5 30. Ke2 Rc3 31. Kd1 Ke5 32. Rd4 Kf6 33. Kd2 b4 34. Rh4 Kg6 35. Rd4 Kf6 36. Rd3 Rc5 37. Rd8 Rc3 38. Ra8 Rc5 39.
h4 Rd5+ 40. Ke2 Rc5 41. Kd3 Ke5 42. Ra7 Kf6 43. Ra6 Ke5 44. Ra8 Rc3+ 45. Kd2 Rc5 46.
Ra7 Kf6 47. Kd1 Rd5+ 48. Kc2 Rc5+ 49. Kd3 Kg6 50. f4 Kf6 51. Kd4 Rd5+ 52. Kc4 Kg6 53. Ra8 Kf6 54. Ra6 Kg6 55. Ra7 Kf6 56. Ra8 Kg6 57.
Rg8+ Kf6 58. Rg5 Rd2 59. e4 Rxa2 60. e5+ Ke7 61. Rxh5 Rc2+ 62. Kb5 Rc3 63. Rg5 Rxb3 64. Kxa5 Rb1 65. Ka4 b3 66. Ka3 f6 67. Rg7+ Kf8 68.
exf6 Rc1 69. Kxb3 Rc5 70. h5 Rc1 71. h6 1-0

[Event "Late-Titled-Tuesday-Blitz-October-24-2023"]
[Site "Chess.com"]
[Date "2023.10.24"]
[Round "9"]
[White "jaskol95"]
[Black "NateSolon"]
[Result "0-1"]
[WhiteElo "2556"]
[BlackElo "2669"]
[TimeControl "180+1"]
[EndTime "15:44:11 PDT"]
[Termination "NateSolon won by resignation"]

1. e4 c5 2. Nf3 Nf6 3. e5 Nd5 4. Nc3 e6 5. Nxd5 exd5 6. d4 Nc6 7. dxc5 Bxc5 8. Qxd5 d6 9. Bd2 Be6 10. Qe4 Qb6 11. O-O-O d5 12. Qa4 Bxf2 13. Bd3 O-O-O 14. Kb1 Kb8 15. Rhf1 Be3 16. Bxe3 Qxe3 17. Rde1 Qb6 18.
Ng5 Qc7 19. Qf4 h6 20. Nxe6 fxe6 21. Qf7 Qd7 22. Re3 Kc7 23. Rg3 Nxe5 24. Qf4 Qd6 25.
Rxg7+ Kb8 26. Qg3 h5 27. Be2 h4 28. Qb3 Rd7 29. Rxd7 Nxd7 30. h3 Rf8 31. Rxf8+ Qxf8 32. Qe3 Qf6 33. a3 a6 34. Bg4 Ne5 35. Be2 Qf5 36. Kc1 Nc6 37. Qf3 Qxf3 38. Bxf3 Kc7 39. Kd2 Kd6 40. Ke3 Ke5 41. c3 Na5 42. Be2 b5 43. Kf3 Kf5 44. Bd3+ Kg5 45. Ke3 e5 46. b4 Nc4+ 47. Bxc4 dxc4 48. Ke4 Kf6 49. g3 hxg3 50. Kf3 Kf5 51. Kxg3 Ke4 52. h4 Kd3 53. h5 e4 54. h6 e3 55. h7 e2 56. h8=Q e1=Q+ 57. Kf3 Qxc3 58. Qd8+ Kc2+ 59. Kf2 Qd2+ 60. Qxd2+ Kxd2 61. Kf3 c3 62. Ke4 c2 0-1